Map: Dusk Towers

Players

FireFest

  • Race: Protoss Protoss

Bobkill - Winner!

  • Race: Protoss Protoss
  • League: Silver

VOD

Have the link to the VOD?

Description

Time

  • Played on: Jan. 4, 2016, 5:47 p.m.
  • Length: 6:58
Show
View Real Time Build Order
Export as new Build Order

FireFest Protoss 

Build Orders:  

Get SALT Encoding   

  12  0:02  Probe (Chrono Boost)  
  13  0:13  Probe (Chrono Boost)  
  14  0:18  Pylon  
  14  0:26  Probe (Chrono Boost)  
  15  0:32  Assimilator  
  15  0:37  Probe (Chrono Boost)  
  16  0:45  Gateway  
  16  0:48  Probe (Chrono Boost)  
  17  0:59  Probe (Chrono Boost)  
  17  1:00  Assimilator  
  18  1:08  Pylon  
  18  1:10  Probe (Chrono Boost)  
  19  1:19  Gateway  
  19  1:23  Probe (Chrono Boost)  
  20  1:36  Cybernetics Core  
  20  1:41  Pylon  
  20  1:44  Probe (Chrono Boost)  
  21  1:57  Gateway  
  21  1:59  Probe (Chrono Boost)  
  22  2:10  Probe (Chrono Boost)  
  23  2:16  Warp Gate  
  23  2:18  Stalker  
  23  2:21  Probe (Chrono Boost)  
  26  2:24  Stalker  
  28  2:33  Pylon  
  28  2:39  Pylon  
  28  2:56  Stalker, Forge  
  30  3:15  Stalker x2  
  34  3:22  Pylon  
  34  3:40  Stalker  
  34  3:45  Stalker  
  36  3:57  Pylon  
  36  4:00  Pylon  
  36  4:07  Photon Cannon  
  36  4:14  Photon Cannon  
  36  4:21  Protoss Ground Weapons Level 1 (Chrono Boost)  
  38  4:24  Mothership Core (Chrono Boost)  
  38  4:35  Zealot x2  
  42  4:46  Zealot  
  42  4:48  Photon Cannon  
  44  4:58  Photon Cannon  
  44  5:04  Zealot  
  46  5:37  Robotics Facility x2  
  46  5:40  Zealot  
  46  5:41  Zealot  
  50  5:59  Zealot  
  52  6:10  Gateway  
  52  6:12  Gateway  
Show
View Real Time Build Order
Export as new Build Order

Bobkill Protoss - Winner!

Build Orders:  

Get SALT Encoding   

  12  0:01  Probe (Chrono Boost)  
  13  0:11  Probe (Chrono Boost)  
  14  0:18  Pylon  
  14  0:22  Probe (Chrono Boost)  
  15  0:36  Probe (Chrono Boost)  
  15  0:38  Gateway  
  16  0:43  Assimilator  
  16  0:47  Probe (Chrono Boost)  
  17  0:58  Probe (Chrono Boost)  
  18  1:10  Probe (Chrono Boost)  
  19  1:20  Probe (Chrono Boost)  
  20  1:26  Cybernetics Core  
  20  1:31  Probe (Chrono Boost)  
  21  1:33  Pylon  
  21  1:40  Assimilator  
  21  1:41  Probe (Chrono Boost)  
  22  1:52  Probe (Chrono Boost), Gateway  
  23  2:02  Gateway x2  
  23  2:13  Adept  
  25  2:18  Mothership Core (Chrono Boost)  
  27  2:24  Warp Gate (Chrono Boost)  
  27  2:46  Robotics Facility  
  27  2:51  Adept x2  
  31  3:20  Pylon  
  30  3:38  Adept x2  
  34  3:44  Pylon  
  30  3:51  Immortal  
  32  4:23  Stalker  
  34  4:28  Stalker  
  34  4:50  Stalker  
  34  4:52  Adept  
  38  4:58  Pylon  
  38  5:02  Pylon  
  38  5:16  Mothership Core  
  38  5:17  Immortal, Gateway  
  44  5:21  Pylon  
  44  5:28  Stalker  
  46  5:29  Stalker  
  46  5:30  Stalker  
  50  5:45  Pylon  
  50  5:54  Adept  
  50  5:55  Adept x2  
  56  6:11  Pylon  
  56  6:19  Stalker  
Tags
 
League
Silver
Matchup
PvP
Add a new tag
Caveats
  • Supply blocks, unpowered buildings, or Contaminate may cause inaccurate times.
  • Supply counts are checked every 10 seconds.